 Dungeon Crawl Stone Soup version 0.31.0-12-g77e489cdc1 (webtiles) character file.

Game seed: 9933975753685594431

2 PaiMei the Grave Robber (level 1, 0/13 HPs)
             Began as a Demonspawn Necromancer on Feb 17, 2024.
             Slain by a gnoll
             ... wielding a +0 club
              (3 damage)
             ... on level 1 of the Dungeon.
             The game lasted 00:01:18 (89 turns).

PaiMei the Grave Robber (Demonspawn Necromancer)      Turns: 89, Time: 00:01:19

Health: 0/13       AC:  2    Str:  8    XL:     1   Next: 25%
Magic:  0/3        EV: 12    Int: 15    God:
Gold:   0          SH:  0    Dex: 13    Spells: 3/4 levels left

rFire   . . .        e - +0 hand axe
rCold   . . .        (no shield)
rNeg    . . .        a - +0 robe
rPois   .            (no helmet)
rElec   .            (no cloak)
rCorr   .            (no gloves)
SInv    .            (no boots)
Will    .....        (no amulet)
Stlth   ++           (no ring)
HPRegen 0.22/turn    (no ring)
MPRegen 0.08/turn

%: no passive effects
@: no status effects
A: no striking features
a: no special abilities


You were on level 1 of the Dungeon.
You visited 1 branch of the dungeon, and saw 1 of its levels.

Inventory:

Hand Weapons
 e - a +0 hand axe (weapon)
Armour
 a - a +0 robe (worn)
Scrolls
 c - a scroll of fog {unknown}
Potions
 b - a potion of magic
 d - a potion of attraction {unknown}
 f - a potion of experience {unknown}


   Skills:
 + Level 1.8 Dodging
 + Level 1.8 Stealth
 + Level 2.0 Spellcasting
 + Level 4.4 Necromancy


You had 3 spell levels left.
You knew the following spells:

 Your Spells              Type           Power      Damage    Failure   Level
a - Necrotise             Necr           56%        1d6       3%          1

Your spell library contained the following spells:

 Spells                   Type           Power      Damage    Failure   Level
 Vampiric Draining        Necr           14%        2d7       11%         3
 Animate Dead             Necr           14%        N/A       34%         4
 Curse of Agony           Necr           14%        N/A       69%         5


Dungeon Overview and Level Annotations

Branches:
Dungeon (1/15)

Altars:


Message History

Confirm with . or Enter, or press ? or * to list all spells.
You don't have enough magic to cast this spell.
The bat attacks as it pursues you! The bat hits you.
The bat hits you but does no damage. The bat misses you.
Casting: Necrotise (safe; 3% risk of failure)
Confirm with . or Enter, or press ? or * to list all spells.
You don't have enough magic to cast this spell.
The bat attacks as it pursues you! The bat hits you but does no damage.
The bat barely misses you. x2
Casting: Necrotise (safe; 3% risk of failure)
Confirm with . or Enter, or press ? or * to list all spells.
Aiming: Necrotise (safe; 3% risk of failure)
Press: ? - help, Shift-Dir - straight line, f/p - gnoll
Aim: a gnoll, wielding a +0 club (moderately wounded, chance to affect: 78%)
The bat writhes in agony.
You kill the bat!
The dead are flying!
Your bat skeleton barely misses the gnoll.
The gnoll attacks as it pursues you! The gnoll hits you with a +0 club.
Casting: Necrotise (safe; 3% risk of failure)
Confirm with . or Enter, or press ? or * to list all spells.
You don't have enough magic to cast this spell.
Your bat skeleton hits the gnoll but does no damage. x2
The gnoll attacks as it pursues you! The gnoll closely misses you.
You closely miss the gnoll.
The gnoll is moderately wounded.
Your bat skeleton barely misses the gnoll.
Your bat skeleton hits the gnoll but does no damage.
The gnoll barely misses you.
Your bat skeleton completely misses the gnoll.
You hit the gnoll.
The gnoll is heavily wounded.
Your bat skeleton closely misses the gnoll.
Your bat skeleton barely misses the gnoll.
The gnoll hits you with a +0 club!
Ouch! That really hurt!
* * * LOW HITPOINT WARNING * * *
Your bat skeleton closely misses the gnoll.
The gnoll hits you with a +0 club.
You die...

####...>......#
#.............#
#.#...........#
#.#...........#
#.#...........#
#.#...........#
#.#...........#
#.##.....(....###########
#'####........@gZ.......##
###.#8.#........#########..#
.......#.#..##### ########.#
8..8...#.##..# ##....b...#
......<#. ##.# ##..##.##..#
8..8...#. #.####..#.###.#.#
.......#. #.......##.).##.#
###.#8.#. ####.....#.#.#..#
#'#### #....##.(.##.#


You could see a gnoll (ally target) and a friendly bat skeleton.

Vanquished Creatures
  A bat (D:1)
  A frilled lizard (D:1)
2 creatures vanquished.

Notes
Turn   | Place    | Note
-------+----------+-------------------------------------------
     0 | D:1      | PaiMei the Demonspawn Necromancer began the quest for the
                  | Orb.
     0 | D:1      | Reached XP level 1. HP: 13/13 MP: 3/3
    89 | D:1      | Slain by a gnoll

Illustrated notes

Levels and vault maps discovered:
D:1:      elethiomel_arrival_quiet, layout_rooms,
          dreamdust_ecumenical_altar_statues, grunt_decor_arrowhead,
          minmay_heptomino_d4

Action                     || total
---------------------------++-------
  Melee: Hand axe          ||     2
   Cast: Necrotise         ||     4
 Armour: Robe              ||    13
  Dodge: Dodged            ||    10
